 Dungeon Crawl Stone Soup version 0.19.0-24-gb05acd6 (webtiles) character file.

60 mmcf the Sneak (level 3, -1/18 HPs)
             Began as a Spriggan Assassin on Nov 20, 2016.
             Was an Initiate of Elyvilon.
             Slain by a bullfrog skeleton (7 damage)
             ... on level 6 of the Dungeon.
             The game lasted 00:03:05 (2023 turns).

mmcf the Sneak (Spriggan Assassin)                  Turns: 2023, Time: 00:03:06

Health: -1/18      AC:  3    Str:  7    XL:     3   Next: 80%
Magic:  4/4        EV: 18    Int: 12    God:    Elyvilon [......]
Gold:   28         SH:  0    Dex: 18    Spells: 0 memorised, 2 levels left

rFire  . . .     SeeInvis +     a - +2 dagger
rCold  . . .     Gourm    .     c - +0 robe
rNeg   . . .     Faith    .     (shield restricted)
rPois  .         Spirit   .     (helmet restricted)
rElec  .         Reflect  .     d - +0 cloak
rCorr  .         Harm     .     (gloves unavailable)
MR     .....                    (boots unavailable)
Stlth  ++++......               (no amulet)
                                (no ring)
                                (no ring)

@: very quick
A: unfitting armour, see invisible, herbivore 3, speed 3, slow metabolism 2
a: Renounce Religion


You were on level 6 of the Dungeon.
You worshipped Elyvilon.
Elyvilon was noncommittal.
You were not hungry.

You visited 2 branches of the dungeon, and saw 7 of its levels.

You collected 28 gold pieces.

Inventory:

Hand Weapons
 a - a +2 dagger (weapon)
 b - a +0 blowgun
Armour
 c - a +0 robe (worn)
 d - a +0 cloak (worn)
Jewellery
 i - a +4 ring of protection {unknown}
 k - an uncursed ring of fire {unknown}
Scrolls
 h - 2 scrolls of teleportation {unknown}
 j - 2 scrolls of identify {unknown}
Potions
 l - a potion of degeneration {unknown}
 m - 2 potions of ambrosia {unknown}
 o - a potion of brilliance {unknown}
Comestibles
 g - a bread ration
 n - 2 fruits


   Skills:
 - Level 2.1 Fighting
 - Level 3.0 Short Blades
 - Level 2.0 Throwing
 + Level 2.8 Dodging
 + Level 6.5 Stealth
 + Level 0.0 Invocations


You had 2 spell levels left.
You didn't know any spells.

Dungeon Overview and Level Annotations

Branches:
Dungeon (6/15)             Temple (1/1) D:5

Altars:
Elyvilon
Fedhas
Gozag
Hepliaklqana
Kikubaaqudgha
Makhleb
Trog
Vehumet
Xom


Innate Abilities, Weirdness & Mutations

You are very small and have problems with some larger weapons.
You are too small for most types of armour.
You have supernaturally acute eyesight. (SInv)
You are a herbivore.
You cover ground extremely quickly.
You need consume almost no food.


Message History

You hit the bullfrog skeleton.
The bullfrog skeleton is heavily damaged.
The bullfrog skeleton hits you but does no damage.
The bullfrog skeleton hits you.
You hit the bullfrog skeleton.
The bullfrog skeleton is severely damaged.
The bullfrog skeleton closely misses you.
You barely miss the bullfrog skeleton.
The bullfrog skeleton is severely damaged.
The bullfrog skeleton completely misses you.
You hit the bullfrog skeleton.
The bullfrog skeleton is severely damaged.
The bullfrog skeleton hits you but does no damage.
You hit the bullfrog skeleton.
The bullfrog skeleton is severely damaged.
The bullfrog skeleton barely misses you.
You hit the bullfrog skeleton.
The bullfrog skeleton is almost destroyed.
The bullfrog skeleton hits you!
You die...

#######.#
#...((..#
#.#####.###
#Z#.......#
#@#.#######
#..<.......
###########


You could see a bullfrog skeleton.

Vanquished Creatures
  A hound (D:5)
  2 adders
  A shadow imp (D:5)
  An orc (D:4)
  A giant cockroach (D:3)
  2 leopard gecko zombies (D:5)
8 creatures vanquished.

Notes
Turn   | Place    | Note
-------+----------+-------------------------------------------
     0 | D:1      | mmcf the Spriggan Assassin began the quest for the Orb.
     0 | D:1      | Reached XP level 1. HP: 10/10 MP: 2/2
   111 | D:3      | Reached skill level 6 in Stealth
   111 | D:3      | Reached XP level 2. HP: 9/15 MP: 3/3
   495 | D:5      | Entered Level 5 of the Dungeon
   585 | D:5      | Reached XP level 3. HP: 16/18 MP: 4/4
   828 | D:5      | Noticed a phantom
  1416 | D:5      | Found a staircase to the Ecumenical Temple.
  1417 | D:5      | Noticed an ice beast
  1472 | Temple   | Entered the Ecumenical Temple
  1626 | Temple   | Became a worshipper of Elyvilon the Healer
  2023 | D:6      | Slain by a bullfrog skeleton

Skill      XL: |  1  2  3 |
---------------+----------+-----
Dodging        | 2 |  2.8
Stealth        | 6 |  6.5
Fighting       | 2 |  2.1
Short Blades   | 3 |  3.0
Throwing       | |  2.0

Action                   || total
-------------------------++-------
Melee: Dagger            ||    72
 Fire: Blowgun           ||    13
 Stab: Sleeping          ||     2
Armor: Robe              ||     7
Dodge: Dodged            ||    50
